AoeStats
← Kanyaga

African Clearing

505349948Analyzed
4v4 RM · 23d ago on Sep 9, 2026· 37m 41s· 8 players
Game mode
Random Map
Map size
Large (8 player)
Population
200
Speed
Normal
Resources
Standard
Victory
Conquest
Starting age
Dark Age
Ending age
Imperial Age
RankedLock teamsTeams togetherTeam positionsShared explorationLock speedFull tech treeHidden civsTurbo modeCheats
Victory
Defeat
🇹🇷 Jurchens · Türkiye
1738
+7
🇹🇷 Vietnamese · Türkiye
1716
+8
🇹🇷 Wei · Türkiye
1518
+14
🇹🇷 Magyars · Türkiye
1507
+15
🇨🇳 Mapuche · China
1558
-13
🇨🇳 Burgundians · China
1533
-12
🇨🇳 Vietnamese · China
1507
-11
🇨🇳 Berbers · China
1421
-8
Marlin
4:45 Loom
12:21 Feudal Age
13:05 Double-Bit Axe
13:15 Double-Bit Axe
13:41 Fletching
18:43 Horse Collar
27:07 Castle Age
25:44 Padded Archer Armor
逸丶然
10:54 Loom
13:55 Feudal Age
14:44 Town Watch
18:05 Castle Age
16:46 Double-Bit Axe
17:09 Gold Mining
17:40 Horse Collar
17:52 Stone Mining
20:10 Bow Saw
21:27 Fletching
22:58 Bodkin Arrow
26:13 Ballistics
26:53 Padded Archer Armor
超级硬邦邦
4:21 Loom
11:08 Double-Bit Axe
15:20 Feudal Age
16:29 Bow Saw
19:05 Fletching
20:57 Stone Mining
25:58 Castle Age
27:46 Scale Barding Armor
27:52 Forging
chenst2020
5:46 Loom
14:19 Feudal Age
18:14 Castle Age
16:23 Double-Bit Axe
17:03 Gold Mining
18:17 Wheelbarrow
24:07 Bow Saw
25:08 Scale Barding Armor
28:21 Stone Mining
Kanyaga
9:56 Loom
13:12 Feudal Age
18:01 Fletching
19:56 Double-Bit Axe
22:56 Padded Archer Armor
23:35 Horse Collar
31:37 Castle Age
31:39 Gold Mining
31:40 Stone Mining
32:47 Bow Saw
34:27 Wheelbarrow
34:02 Heavy Plow
38:13 Imperial Age
FNUL
5:59 Loom
13:33 Feudal Age
22:23 Castle Age
25:32 Fletching
25:57 Double-Bit Axe
29:10 Horse Collar
29:43 Bow Saw
33:00 Gold Mining
34:25 Padded Archer Armor
34:21 Bodkin Arrow
35:13 Ballistics
35:52 Wheelbarrow
36:32 Town Watch
40:04 Imperial Age
38:33 Leather Archer Armor
Jrfear
9:25 Loom
13:26 Feudal Age
17:16 Castle Age
15:02 Double-Bit Axe
18:55 Bow Saw
20:59 Town Watch
20:56 Horse Collar
23:50 Heavy Plow
25:21 Wheelbarrow
24:47 Fletching
25:14 Gold Mining
28:17 Padded Archer Armor
31:56 Hand Cart
32:35 Stone Mining
36:42 Imperial Age
34:52 Gold Shaft Mining
35:12 Leather Archer Armor
36:30 Stone Shaft Mining
36:51 Bodkin Arrow
37:18 Ballistics
37:10 Masonry
36:57 Murder Holes
36:49 Spies/Treason
37:45 Treadmill Crane
38:04 Guard Tower
ATABEY
8:57 Loom
11:30 Feudal Age
21:23 Castle Age
20:08 Scale Barding Armor
20:17 Double-Bit Axe
21:46 Bloodlines
21:27 Light Cavalry
27:09 Bow Saw
27:16 Horse Collar
29:28 Husbandry
30:03 Chain Barding Armor
Connection lost

Rejoining the realm…

Still unreachable

The connection could not be restored.

Session expired

The server has moved on; the page needs a fresh start.